 Dungeon Crawl Stone Soup version 0.31-a0-37-g98a128e1d9 (webtiles) character file.

Game seed: 7462972810984002809

27329 porpoise the Slicer (level 13, 0/80 HPs)
             Began as a Kobold Enchanter on May 15, 2023.
             Was the Champion of Fedhas.
             Slain by a komodo dragon (23 damage)
             ... on level 3 of the Lair of Beasts.
             The game lasted 01:03:05 (16018 turns).

porpoise the Slicer (Kobold Enchanter)             Turns: 16018, Time: 01:03:05

Health: 0/80       AC: 18    Str:  6    XL:     13   Next: 64%
Magic:  23/29      EV: 19    Int: 17    God:    Fedhas [******]
Gold:   683        SH:  0    Dex: 19    Spells: 12/22 levels left

rFire   . . .        a - +2 short sword (elec)
rCold   . . .        (no shield)
rNeg    . . .        v - +2 robe {Archmagi}
rPois   .            z - +1 helmet of Nolodgh {MP+9}
rElec   .            G - +2 cloak {Will+}
rCorr   +            O - +1 pair of gloves {Stlth+}
SInv    .            W - +2 pair of boots
Will    +....        (no amulet)
Stlth   ++++++       i - ring of resist corrosion
HPRegen 0.33/turn    Q - +4 ring of protection
MPRegen 0.21/turn

%: archmagi
@: lethally poisoned (0 -> -12), confusing by touch
A: small, no large weapons, nightstalker 3
a: Renounce Religion, Wall of Briars, Grow Ballistomycete, Overgrow, Grow Oklob


You were on level 3 of the Lair of Beasts.
You worshipped Fedhas.
Fedhas was exalted by your worship.
You visited 2 branches of the dungeon, and saw 14 of its levels.

You collected 814 gold pieces.
You spent 131 gold pieces at shops.

Inventory:

Hand Weapons
 a - a +2 short sword of electrocution (weapon)
 b - a +0 shortbow
 f - a +3 long sword of holy wrath
Missiles
 w - 5 curare-tipped darts (quivered)
Armour
 v - a +2 robe of the Archmagi (worn)
 z - the +1 helmet of Nolodgh (worn) {MP+9}
   (You found it on level 4 of the Dungeon)

   MP:        It affects your magic capacity (+9).
 G - a +2 cloak of willpower (worn)
 O - a +1 pair of gloves of stealth (worn)
 R - a +0 buckler
 W - a +2 pair of boots (worn)
Jewellery
 h - an amulet of guardian spirit
 i - a ring of resist corrosion (left hand)
 p - a ring of protection from fire
 Q - a +4 ring of protection (right hand)
Wands
 u - a wand of light (14)
 y - a wand of roots (16)
 C - a wand of flame (8)
 J - a wand of charming (13)
Scrolls
 e - 2 scrolls of summoning
 k - a scroll of enchant armour
 l - 2 scrolls of immolation
 n - a scroll of magic mapping
 o - 2 scrolls of noise
 r - a scroll of teleportation
 t - a scroll of vulnerability
 x - 4 scrolls of blinking
 I - a scroll of fog
 M - a scroll of poison
 P - 2 scrolls of identify
 V - 2 scrolls of fear
Potions
 c - a potion of invisibility
 d - 5 potions of lignification
 g - 2 potions of berserk rage
 j - 2 potions of cancellation
 m - 3 potions of curing
 s - 3 potions of might
 E - a potion of haste
 K - 5 potions of heal wounds
 T - a potion of resistance


   Skills:
 - Level 9.0 Fighting
 - Level 10.0 Short Blades
 * Level 7.4 Ranged Weapons
 + Level 3.2 Armour
 - Level 7.0 Dodging
 - Level 9.0 Stealth
 - Level 5.0 Shields
 - Level 5.0 Spellcasting
 - Level 9.0 Hexes
 - Level 7.0 Transmutations
 - Level 5.0 Ice Magic
 + Level 7.4 Invocations
 - Level 5.0 Evocations


You had 12 spell levels left.
You knew the following spells:

 Your Spells              Type           Power      Damage    Failure   Level
a - Confusing Touch       Hex            51%        N/A       1%          3
e - Ensorcelled Hibernat  Hex/Ice        84%        N/A       1%          2
t - Tukima's Dance        Hex            51%        N/A       1%          3
w - Wereblood             Tmut           42%        N/A       1%          2

Your spell library contained the following spells:

 Spells                   Type           Power      Damage    Failure   Level
 Sting                    Tmut/Pois      96%        1d7       3%          1
 Dazzling Flash           Conj/Hex       58%        N/A       7%          3
 Kiss of Death            Conj/Necr      24%        2d7       14%         1
 Lesser Beckoning         Tloc           12%        N/A       22%         2
 Poisonous Vapours        Pois/Air       12%        N/A       22%         2
 Static Discharge         Conj/Air       12%        2-3/arc   22%         2
 Sublimation of Blood     Necr           6%         N/A       22%         2
 Metabolic Englaciation   Hex/Ice        21%        N/A       22%         5
 Petrify                  Tmut/Erth      24%        N/A       32%         4
 Gell's Gravitas          Tloc           6%         N/A       38%         3
 Teleport Other           Tloc           6%         N/A       38%         3
 Airstrike                Air            3%         2d(1-17)  80%         4
 Animate Armour           Summ/Erth      12%        N/A       80%         4
 Dispel Undead            Necr           6%         3d8       80%         4
 Olgreb's Toxic Radiance  Pois           6%         N/A       80%         4
 Summon Lightning Spire   Summ/Air       6%         N/A       80%         4
 Statue Form              Tmut/Erth      16%        N/A       99%         6
 Summon Hydra             Summ           3%         N/A       100%        7
 Chain Lightning          Conj/Air       3%         3d4       100%        9


Dungeon Overview and Level Annotations

Branches:
Dungeon (11/15)            Temple (0/1) D:6            Lair (3/5) D:11
 Shoals (0/4) Lair:3        Snake (0/4) Lair:2          Orc (0/2) D:11

Altars:
Cheibriados
Elyvilon
Fedhas
Makhleb
Qazlal
Sif Muna
Trog
Uskayaw
Vehumet
Yredelemnul
Zin

Shops:
D:1 [   D:2 !   D:3 ?   D:6 ?


Innate Abilities, Weirdness & Mutations

You are small and have problems with some larger weapons.
You are completely attuned to the shadows.


Message History

You feel a surge of power!
The wyvern struggles to resist.
The wyvern bites you!
The cane toad stings you but does no damage.
The wyvern barely misses you.
Your water moccasin closely misses the wyvern.
The five-headed hydra barely misses your water moccasin.
The five-headed hydra bites your water moccasin!
The five-headed hydra bites your water moccasin.
The five-headed hydra barely misses your water moccasin.
The five-headed hydra misses your water moccasin.
Your cane toad stings the komodo dragon but does no damage.
The wyvern closely misses you.
Unknown command.
Casting: Ensorcelled Hibernation (safe; 1% risk of failure)
Confirm with . or Enter, or press ? or * to list all spells.
Aiming: Ensorcelled Hibernation (safe; 1% risk of failure)
Press: ? - help, Shift-Dir - straight line, f/p - wyvern
Aim: a wyvern (chance to confuse on hit: 71%, chance to affect: 67%)
You feel a surge of power!
The wyvern looks drowsy...
The cane toad stings you!
You are poisoned.
The cane toad poisons you!
Your water moccasin bites the five-headed hydra.
The wyvern bites you.
Your cane toad closely misses the komodo dragon.
The komodo dragon hisses menacingly.
You are too injured to fight recklessly!
The helpless wyvern fails to defend itself.
You hit the wyvern but do no damage.
You feel very sick.
Your water moccasin barely misses the five-headed hydra.
The water moccasin completely misses you.
The wyvern completely misses you.
Your cane toad stings the komodo dragon!
The komodo dragon is poisoned.
Your cane toad poisons the komodo dragon!
You closely miss the wyvern.
You feel sick. The wyvern bites you.
* * * LOW HITPOINT WARNING * * *
The komodo dragon bites you!!
You die...
Fedhas appreciates your contribution to the ecosystem.

.#...#.. ..#....P..
...........
...........#
...........# #....
.....SF..... ....#
.YYllD...... .....
...Yl@S...... †......<
....F..#......
.†...............)....#
.#...........Y..Y.....
.#....#.............P
.).....>...........##
#..#...............#
.#.##.......##......
.###~~......~###....


You could see a five-headed hydra (ally target), a komodo dragon (very poisoned,
ally target), a cane toad, a water moccasin, 2 wyverns, 5 friendly yaks, a
friendly cane toad (summoned) and a friendly water moccasin (summoned).

Vanquished Creatures
  Gastronok (Lair:2)
  A hydra (Lair:2)
  2 boulder beetles
  A two-headed ogre (D:11)
  Nergalle (Lair:3)
  A cyclops (D:8)
  5 elephants (Lair:1)
  A merfolk siren (Lair:3)
  A gargoyle (D:6)
  5 cane toads
  2 kobold demonologists (D:11)
  2 komodo dragons
  Prince Ribbit (D:5)
  A hornet (D:7)
  Grinder (D:4)
  2 polar bears
  22 blink frogs
  Sigmund (D:2)
  A slime creature (D:8)
  A vampire (D:11)
  A shadow (D:10)
  A wraith (D:8)
  25 yaks
  7 wyverns
  4 basilisks
  4 steam dragons
  Eustachio (D:5)
  A vampire mosquito (D:8)
  3 nagas (Lair:2)
  Duvessa (D:6)
  3 orc warriors
  10 water moccasins
  7 black bears
  7 wolves
  4 centaurs
  A phantom (D:6)
  4 kobold brigands
  8 bullfrogs
  Blork the orc (D:6)
  3 gnoll sergeants
  A scorpion (D:11)
  4 wights (D:6)
  9 killer bees
  Dowan (D:6)
  7 howler monkeys
  4 orc priests
  2 hounds (D:5)
  A gnoll bouda (D:8)
  A jelly (D:8)
  Crazy Yiuf (D:6)
  Jessica (D:3)
  Ijyb (D:3)
  3 iguanas
  8 orc wizards
  Robin (D:3)
  22 gnolls
  7 adders
  A white imp (D:6)
  An ufetubus (D:5)
  3 worms
  A dart slug (D:1)
  33 orcs
  7 endoplasms
  5 giant cockroaches
  7 goblins
  10 hobgoblins
  4 quokkas
  7 ball pythons
  4 bats
  A frilled lizard (D:1)
  20 kobolds
  6 rats
333 creatures vanquished.

Vanquished Creatures (collateral kills)
  A kobold (D:11)
1 creature vanquished.

Vanquished Creatures (others)
  A dancing weapon (D:11)
  A killer bee (D:11)
  A sleepcap (D:8)
  An orc (D:8)
4 creatures vanquished.

Grand Total: 338 creatures vanquished

Notes
Turn   | Place    | Note
-------+----------+-------------------------------------------
     0 | D:1      | porpoise the Kobold Enchanter began the quest for the Orb.
     0 | D:1      | Reached XP level 1. HP: 10/10 MP: 3/3
   143 | D:1      | Reached XP level 2. HP: 15/15 MP: 5/5
   146 | D:1      | Learned a level 2 spell: Ensorcelled Hibernation
   279 | D:1      | Reached skill level 2 in Short Blades
   530 | D:1      | Found Ese Kecw's Antique Armour Emporium.
   613 | D:1      | Reached XP level 3. HP: 19/19 MP: 6/6
   671 | D:1      | Learned a level 3 spell: Confusing Touch
  1023 | D:2      | Found Jono's Distillery.
  1030 | D:2      | Bought a potion of degeneration for 12 gold pieces
  1141 | D:2      | Noticed Sigmund
  1145 | D:2      | Killed Sigmund
  1146 | D:2      | Reached skill level 4 in Short Blades
  1146 | D:2      | Reached skill level 5 in Stealth
  1146 | D:2      | Reached XP level 4. HP: 24/24 MP: 8/8
  1146 | D:2      | Reached XP level 5. HP: 28/28 MP: 9/9
  1146 | D:2      | Reached XP level 6. HP: 32/32 MP: 10/10
  1533 | D:3      | Noticed a shining eye
  1535 | D:3      | Noticed a shining eye
  1545 | D:3      | Noticed a great orb of eyes
  1597 | D:3      | Noticed Ijyb
  1601 | D:3      | Killed Ijyb
  1607 | D:3      | Noticed Jessica
  1611 | D:3      | Killed Jessica
  1782 | D:3      | Found a faded altar of an unknown god.
  1782 | D:3      | Noticed an eye of devastation
  1872 | D:3      | Found Ofymar's Magic Scroll Shop.
  1884 | D:3      | Reached skill level 1 in Ice Magic
  1968 | D:3      | Bought a scroll of identify for 24 gold pieces
  2084 | D:3      | Noticed Robin
  2134 | D:3      | Killed Robin
  3114 | D:4      | Identified the +1 helmet of Nolodgh {MP+9}
  3359 | D:4      | Found a basalt altar of Yredelemnul.
  3384 | D:4      | Found a glowing silver altar of Zin.
  3394 | D:4      | Found a white marble altar of Elyvilon.
  3404 | D:4      | Found a blossoming altar of Fedhas.
  3418 | D:4      | Found a shimmering blue altar of Sif Muna.
  3435 | D:4      | Became a worshipper of Fedhas Madash
  3451 | D:4      | Found a radiant altar of Vehumet.
  3469 | D:4      | Noticed Grinder
  3472 | D:4      | Killed Grinder
  3473 | D:4      | Reached skill level 5 in Short Blades
  3473 | D:4      | Reached skill level 5 in Hexes
  3473 | D:4      | Reached XP level 7. HP: 36/36 MP: 11/11
  3841 | D:5      | Entered Level 5 of the Dungeon
  4322 | D:5      | Found a burning altar of Makhleb.
  4335 | D:5      | Noticed Prince Ribbit
  4342 | D:5      | Killed Prince Ribbit
  4343 | D:5      | Reached skill level 6 in Short Blades
  4343 | D:5      | Reached XP level 8. HP: 41/41 MP: 13/13
  4435 | D:5      | Noticed Eustachio
  4439 | D:5      | Killed Eustachio
  4709 | D:6      | Noticed Dowan
  4712 | D:6      | Noticed Duvessa
  4713 | D:6      | Killed Dowan
  4720 | D:6      | Killed Duvessa
  4923 | D:6      | Found a runed translucent door.
  4926 | D:6      | Noticed Crazy Yiuf
  4932 | D:6      | Killed Crazy Yiuf
  4932 | D:6      | Reached * piety under Fedhas
  5007 | D:6      | Reached skill level 7 in Short Blades
  5007 | D:6      | Reached XP level 9. HP: 45/45 MP: 15/15
  5068 | D:6      | Reached skill level 5 in Spellcasting
  5076 | D:6      | Learned a level 3 spell: Tukima's Dance
  5110 | D:6      | Reached skill level 1 in Fighting
  5110 | D:6      | Reached skill level 5 in Ice Magic
  5212 | D:6      | Noticed a gargoyle
  5215 | D:6      | Reached skill level 8 in Short Blades
  5217 | D:6      | Killed a gargoyle
  5218 | D:6      | Reached skill level 1 in Invocations
  5406 | D:6      | Found Ezown's Magic Scroll Shop.
  5411 | D:6      | Bought a scroll of blinking for 75 gold pieces
  5411 | D:6      | Bought a scroll of identify for 20 gold pieces
  5792 | D:6      | Noticed Blork the orc
  5795 | D:6      | Killed Blork the orc
  5927 | D:6      | Reached ** piety under Fedhas
  6096 | D:6      | Found a staircase to the Ecumenical Temple.
  6189 | D:7      | Reached XP level 10. HP: 56/56 MP: 17/17
  6612 | D:7      | Reached skill level 9 in Short Blades
  6645 | D:7      | Found a hide-covered altar of Uskayaw.
  7955 | D:8      | Reached *** piety under Fedhas
  8059 | D:8      | Found a bloodstained altar of Trog.
  8087 | D:8      | Noticed a cyclops
  8087 | D:8      | Noticed a boulder beetle
  8096 | D:8      | Killed a cyclops
  8097 | D:8      | Reached skill level 5 in Fighting
  8101 | D:8      | Killed a boulder beetle
  8102 | D:8      | Reached skill level 10 in Short Blades
  8102 | D:8      | Reached skill level 5 in Invocations
  8126 | D:8      | Got the Secrets of the Stormy Fjord
  8689 | D:8      | Reached XP level 11. HP: 65/65 MP: 18/18
  9195 | D:9      | Reached skill level 5 in Dodging
  9586 | D:9      | Found a snail-covered altar of Cheibriados.
  9586 | D:9      | Found a stormy altar of Qazlal.
  9622 | D:9      | Reached **** piety under Fedhas
  9742 | D:10     | Entered Level 10 of the Dungeon
 10203 | D:10     | Reached skill level 1 in Shields
 11171 | D:11     | Noticed a two-headed ogre
 11189 | D:11     | HP: 3/67 [wolf (4)]
 11189 | D:11     | HP: 1/67 [wyvern (1)]
 11190 | D:11     | Killed a two-headed ogre
 11655 | D:11     | Reached ***** piety under Fedhas
 11794 | D:11     | Found a staircase to the Orcish Mines.
 11818 | D:11     | Found a staircase to the Lair.
 11826 | D:11     | Learned a level 2 spell: Wereblood
 12160 | D:11     | Reached skill level 1 in Transmutations
 12160 | D:11     | Reached XP level 12. HP: 72/72 MP: 19/19
 12804 | Lair:1   | Entered Level 1 of the Lair of Beasts
 13136 | Lair:1   | Reached skill level 5 in Shields
 13445 | Lair:1   | Noticed a boulder beetle
 13453 | Lair:1   | Killed a boulder beetle
 13454 | Lair:1   | Reached skill level 1 in Evocations
 13979 | Lair:2   | Noticed a five-headed hydra
 13984 | Lair:2   | Noticed Gastronok
 13989 | Lair:2   | Killed a five-headed hydra
 14004 | Lair:2   | Killed Gastronok
 14005 | Lair:2   | Reached skill level 5 in Transmutations
 14205 | Lair:2   | Reached XP level 13. HP: 80/80 MP: 20/20
 14269 | Lair:2   | Reached skill level 5 in Evocations
 14558 | Lair:2   | Reached skill level 1 in Ranged Weapons
 14915 | Lair:2   | Reached skill level 1 in Armour
 14997 | Lair:2   | Found a staircase to the Snake Pit.
 15238 | Lair:2   | Reached skill level 5 in Ranged Weapons
 15707 | Lair:3   | Reached ****** piety under Fedhas
 15985 | Lair:3   | Found a staircase to the Shoals.
 15995 | Lair:3   | Noticed Nergalle
 15999 | Lair:3   | Killed Nergalle
 16007 | Lair:3   | Noticed a five-headed hydra
 16018 | Lair:3   | Slain by a komodo dragon

Illustrated notes

Levels and vault maps discovered:
D:1:      reono_arrival_mine, layout_loops_ring, serial_shops, shop
D:2:      layout_rooms, serial_shops, shop, uniq_sigmund
D:3:      layout_basic, serial_shops, shop,
          hellmonk_ecumenical_altar_watching_god, serial_corexii_hall,
          chequers_hall_statues_wall_a, corexii_hall_statues_x, uniq_jessica,
          uniq_robin, uniq_ijyb
D:4:      layout_gridville, minmay_overflow_temple_star_hex,
          yredelemnul_altar_generic, uniq_grinder
D:5:      layout_basic, mainiacjoe_overflow_chevrons, uniq_eustachio,
          uniq_prince_ribbit1
D:6:      layout_loops_corners, minmay_temple_entry_poolview, serial_shops,
          nicolae_shop_getting_attention, uniq_duvessa, uniq_blork_the_orc,
          uniq_crazy_yiuf_cottage
D:7:      layout_layer_cave, mainiacjoe_overflow_tiny_flanked
D:8:      minmay_blocky_corners, layout_basic, lemuel_crystal_altar
D:9:      layout_cave_pools, gammafunk_temple_overflow_pools, kennysheep_path_1
D:10:     layout_grid_maze
D:11:     layout_grid_maze, minmay_lair_entry_grove, orc_0_dummy
Lair:1:   layout_chaotic_city, minmay_lair_oklob_bushes,
          infiniplex_staircase_pool
Lair:2:   layout_hall_layers, nicolae_snake_entry_squirm, uniq_gastronok
Lair:3:   layout_layer_cave, minmay_shoals_entry_lonely_mermaid,
          nicolae_lair_lindhole, uniq_nergalle

Skill      XL: |  1  2  3  4  5  6  7  8  9 10 11 12 13 |
---------------+----------------------------------------+-----
Short Blades   | 2 4 5 6 7 8 10 | 10.0
Stealth        | 5 6 7 8 9 |  9.0
Spellcasting   | 3 4 5 |  5.0
Hexes          | 4 5 7 8 9 |  9.0
Ice Magic      | 2 3 4 5 |  5.0
Fighting       | 3 6 7 8 9 |  9.0
Invocations    | 2 5 7 |  7.4
Dodging        | 3 7 |  7.0
Shields        | 4 5 |  5.0
Transmutations | 1 5 7 |  7.0
Evocations     | 4 5 |  5.0
Ranged Weapons | 7 |  7.4
Armour         | 3 |  3.2

Action                     |  1- 3 |  4- 6 |  7- 9 | 10-12 | 13-15 || total
---------------------------+-------+-------+-------+-------+-------++-------
  Melee: Dagger            |    62 |   110 |    43 |       |       ||   215
         Punch             |     1 |       |     2 |     4 |     2 ||     9
         Short sword       |       |       |    85 |   451 |   115 ||   651
         Long sword        |       |       |       |     7 |       ||     7
   Fire: Shortbow          |       |       |       |       |     4 ||     4
  Throw: Boomerang         |       |     1 |       |     5 |       ||     6
         Dart              |       |       |       |     2 |     1 ||     3
   Cast: Ensorcelled Hiber |       |    12 |    17 |    82 |    34 ||   145
         Confusing Touch   |       |       |     2 |    26 |     2 ||    30
         Tukima's Dance    |       |       |       |     3 |       ||     3
  Evoke: Wand              |       |       |       |     1 |       ||     1
    Use: Scroll            |       |     2 |     9 |    12 |     4 ||    27
         Potion            |       |       |       |     3 |     1 ||     4
   Stab: Sleeping          |    20 |    21 |    32 |    82 |    42 ||   197
         Confused          |       |       |     2 |    21 |     2 ||    25
         Invisible         |       |       |       |     7 |       ||     7
         Distracted        |       |       |       |     7 |       ||     7
 Armour: Robe              |     6 |     9 |    40 |   111 |    40 ||   206
  Dodge: Dodged            |    31 |    78 |    44 |   343 |    90 ||   586
         Repelled          |       |       |     1 |       |       ||     1
  Block: Buckler           |       |       |       |    49 |     6 ||    55

Table legend: (Time is in decaauts)
 A = Elapsed time spent in this place.
 B = Non-inter-level travel time spent in this place.
 C = Inter-level travel time spent in this place.
 D = Time resting spent in this place.
 E = Time spent auto-exploring this place.
 F = Levels seen in this place.
 G = Mean time per level.
                   A        B        C        D        E       F      G
               +--------+--------+--------+--------+--------+-----+--------+
         Total |  15706 |  15014 |    692 |   2518 |  10335 |  14 | 1121.9 |
       Dungeon |  12718 |  12195 |    523 |   1715 |   8841 |  11 | 1156.2 |
          Lair |   2988 |   2820 |    168 |    803 |   1494 |   3 |  996.0 |
               +--------+--------+--------+--------+--------+-----+--------+

Top non-repeatable levels by time:
    D:11: 1715 daAuts
     D:7: 1517 daAuts
     D:6: 1407 daAuts
     D:3: 1382 daAuts
    D:10: 1363 daAuts
  Lair:2: 1254 daAuts
  Lair:1: 1193 daAuts
     D:8: 1055 daAuts
     D:9: 1020 daAuts
     D:4: 1012 daAuts
     D:1: 881 daAuts
     D:5: 832 daAuts
  Lair:3: 540 daAuts
     D:2: 530 daAuts
